 Dungeon Crawl Stone Soup version 0.30.0-29-ga12c61a403 (webtiles) character file.

Game seed: 7186136081328779356

120 cdecastro the Changer (level 4, -8/40 HPs)
             Began as a Draconian Transmuter on June 22, 2023.
             Killed by divine providence
             ... invoked by an orc priest
              (10 damage)
             ... on level 3 of the Dungeon.
             The game lasted 00:02:44 (2104 turns).

cdecastro the Changer (Draconian Transmuter)        Turns: 2104, Time: 00:02:44

Health: -8/40      AC:  9    Str: 12    XL:     4   Next: 75%
Magic:  7/7        EV: 12    Int: 15    God:
Gold:   80         SH:  0    Dex: 12    Spells: 4/7 levels left

rFire   . .          .
                       - Unarmed
rCold   . . .        (no shield)
rNeg    . . .        (body armour unavailable)
rPois   .            (helmet restricted)
rElec   .            b - +2 cloak
rCorr   .            k - +0 pair of gloves
SInv    .            (no boots)
Will    .....        (no amulet)
Stlth   +            (no ring)
HPRegen 0.26/turn    (no ring)
MPRegen 0.10/turn

%: no passive effects
@: no status effects
A: AC +5, unfitting armour, cold-blooded
a: no special abilities


You were on level 3 of the Dungeon.
You visited 1 branch of the dungeon, and saw 3 of its levels.

You collected 80 gold pieces.

Inventory:

Armour
 b - a +2 cloak (worn)
 k - a +0 pair of gloves (worn)
Jewellery
 e - a +6 ring of intelligence
Scrolls
 c - 2 scrolls of vulnerability {unknown}
 d - 4 scrolls of identify {unknown}
 i - a scroll of magic mapping {unknown}
 l - a scroll of immolation {unknown}
Potions
 a - a potion of lignification
 f - a potion of magic {unknown}
 g - a potion of curing {unknown}
 h - 2 potions of degeneration {unknown}
 j - a potion of mutation {unknown}
 m - a potion of brilliance {unknown}


   Skills:
 + Level 3.6 Fighting
 - Level 1.7 Dodging
 - Level 3.0 Unarmed Combat
 - Level 2.0 Spellcasting
 + Level 3.8 Transmutations


You had 4 spell levels left.
You knew the following spells:

 Your Spells              Type           Power      Damage    Failure   Level
a - Beastly Appendage     Tmut           24%        N/A       4%          1
b - Wereblood             Tmut           12%        N/A       7%          2

Your spell library contained the following spells:

 Spells                   Type           Power      Damage    Failure   Level
 Spider Form              Tmut/Pois      7%         N/A       30%         3
 Frozen Ramparts          Ice            2%         1d1       54%         3
 Ozocubu's Armour         Ice            1%         N/A       54%         3
 Ice Form                 Ice/Tmut       7%         N/A       71%         4
 Manifold Assault         Tloc           1%         N/A       91%         4
 Freezing Cloud           Conj/Ice/Air   0%         6-21      99%         5
 Dispersal                Tloc           0%         N/A       100%        6
 Disjunction              Tloc           0%         N/A       100%        8


Dungeon Overview and Level Annotations

Branches:
Dungeon (3/15)

Altars:
Kikubaaqudgha


Innate Abilities, Weirdness & Mutations

Your plain brown scales are hard. (AC +5)
You cannot fit into any form of body armour.
You are cold-blooded and may be slowed by cold attacks.


Message History

Things that are here:
a +0 war axe; an orc corpse You hit the orc priest.
You claw the orc priest. Your headbutt misses the orc priest.
The orc priest is moderately wounded.
The orc priest looks satisfied for a moment.
You closely miss the orc priest. You claw the orc priest.
The orc priest is moderately wounded.
The orc priest calls down the wrath of Beogh upon you.
You barely resist. You closely miss the orc priest. You claw the orc priest.
The orc priest is severely wounded.
Your transformation is almost over.
The orc priest closely misses you.
You hit the orc priest but do no damage.
You claw the orc priest, but do no damage.
You headbutt the orc priest.
Your tail-slap misses the orc priest.
The orc priest is severely wounded.
The orc priest hits you with a +0 trident.
* * * LOW HITPOINT WARNING * * *
You hit the orc priest but do no damage.
The orc priest is severely wounded.
The orc priest hits you but does no damage.
The orc priest shouts!
You hit the orc priest but do no damage.
You claw the orc priest.
You kill the orc priest!
You hit the orc. Your kick misses the orc.
The orc is moderately wounded.
The orc hits you with a +0 war axe!
* * * LOW HITPOINT WARNING * * *
The orc priest calls upon Beogh to heal the orc.
The orc's wounds heal themselves!
You see here a +0 leather armour.
The orc attacks as you move away! The orc hits you with a +0 war axe.
* * * LOW HITPOINT WARNING * * *
Your horns disappear.
Your talons disappear.
The orc priest invokes the aid of Beogh against you.
Beogh smites you!
You die...

#.# #o# #)# #)# #[#
#.# #o# ##.### #@#..#
##.#.# #. #. ###.#
#.##.####.##
#..........#
#<.#.####..# ###
#..#.####..# ...
#....#.##..#
###.######..##......#


You could see an orc priest and an orc.

Vanquished Creatures
  An orc priest (D:3)
  An orc wizard (D:2)
  3 adders (D:2)
  A dart slug (D:2)
  4 orcs
  7 bats
  4 endoplasms
  A giant cockroach (D:1)
  2 goblins
  2 hobgoblins (D:1)
  3 kobolds
  2 ball pythons
  2 frilled lizards
  3 rats (D:2)
36 creatures vanquished.

Notes
Turn   | Place    | Note
-------+----------+-------------------------------------------
     0 | D:1      | cdecastro the Draconian Transmuter began the quest for the
                  | Orb.
     0 | D:1      | Reached XP level 1. HP: 16/16 MP: 3/3
   272 | D:1      | Reached XP level 2. HP: 24/24 MP: 3/5
   521 | D:1      | Got Sif Muna's Monograph on Algor
   815 | D:2      | Learned a level 2 spell: Wereblood
   880 | D:2      | Reached XP level 3. HP: 29/30 MP: 4/6
  1058 | D:2      | Found an ancient bone altar of Kikubaaqudgha.
  1524 | D:2      | Reached XP level 4. HP: 31/38 MP: 7/7
  2104 | D:3      | HP: 2/40 [orc/+0 war axe (4)]
  2104 | D:3      | Killed from afar by an orc priest

Illustrated notes

Levels and vault maps discovered:
D:1:      co_arrival_square_in_a_square_in_a_square, layout_loops_ring
D:2:      layout_basic, basic_altar, dreamdust_princess_corridor,
          chequers_serial_rivers_small_b
D:3:      layout_loops_ring, lightli_temple_of_fire, st_stairs_10

Skill      XL: |  1  2  3 |
---------------+----------+-----
Fighting       | 2 3 |  3.6
Transmutations | 3 |  3.8
Dodging        | |  1.7
Unarmed Combat | |  3.0
Spellcasting   | |  2.0

Action                     |  1- 3 |  4- 6 || total
---------------------------+-------+-------++-------
  Melee: Unarmed           |    77 |    30 ||   107
         Kick              |    19 |    10 ||    29
         Tailslap          |     3 |     1 ||     4
         Headbutt          |     5 |     4 ||     9
         Punch             |     1 |     2 ||     3
   Cast: Beastly Appendage |    24 |     5 ||    29
   Stab: Sleeping          |     2 |     1 ||     3
 Armour: Skin              |    38 |     6 ||    44
  Dodge: Dodged            |    52 |    23 ||    75
